 Dungeon Crawl Stone Soup version 0.29-a0-308-g4e025c60ea (webtiles) character file.

Game seed: 9446960070912607161

112 Ijustatesigmund the Skirmisher (level 4, -2/28 HPs)
             Began as a Gargoyle Wanderer on Mar 28, 2022.
             Slain by a goblin
             ... wielding a +0 club
             ... led by Robin
              (3 damage)
             ... on level 2 of the Dungeon.
             The game lasted 00:04:27 (2189 turns).

Ijustatesigmund the Skirmisher (Gargoyle Wanderer)  Turns: 2189, Time: 00:04:28

Health: -2/28      AC: 14    Str: 18    XL:     4   Next: 93%
Magic:  7/7        EV:  7    Int: 15    God:
Gold:   590        SH:  0    Dex:  6    Spells: 6/7 levels left

rFire   . . .      SeeInvis .   a - +0 mace
rCold   . . .      Faith    .   (no shield)
rNeg    + . .      Spirit   .   b - +0 chain mail
rPois   ∞          Reflect  .   (no helmet)
rElec   +          Harm     .   (no cloak)
rCorr   .          Rampage  .   (no gloves)
Will    .....                   g - +1 pair of boots
Stlth   ..........              (no amulet)
HPRegen 0.09/turn               (no ring)
MPRegen 0.10/turn               (no ring)

@: about to teleport
A: sickness immunity, AC +3, negative energy resistance 1, electricity
resistance, torment resistance 1, petrification resistance
a: no special abilities


You were on level 2 of the Dungeon.
You visited 1 branch of the dungeon, and saw 2 of its levels.

You collected 823 gold pieces.
You spent 233 gold pieces at shops.

Inventory:

Hand Weapons
 a - a +0 mace (weapon)
Armour
 b - a +0 chain mail (worn)
 g - a +1 pair of boots (worn)
Jewellery
 i - an amulet of regeneration
Scrolls
 c - a scroll of teleportation
 d - 2 scrolls of magic mapping
 e - 3 scrolls of identify
Potions
 f - a potion of brilliance


   Skills:
 + Level 3.4 Fighting
 + Level 2.7 Maces & Flails
 - Level 1.7 Polearms
 + Level 1.8 Armour
 - Level 1.0 Dodging
 - Level 2.0 Spellcasting
 - Level 3.0 Poison Magic


You had 6 spell levels left.
You knew the following spells:

 Your Spells              Type           Power      Damage    Failure   Level
a - Sting                 Tmut/Pois      24%        1d4       86%         1

Your spell library contained the following spells:

 Spells                   Type           Power      Damage    Failure   Level
 Ignite Poison            Fire/Tmut/Pois 4%         N/A       99%         3
 Olgreb's Toxic Radiance  Pois           10%        N/A       100%        4


Dungeon Overview and Level Annotations

Branches:
Dungeon (2/15)

Altars:

Shops:
D:2 ?

Annotations:
D:2 Robin


Innate Abilities, Weirdness & Mutations

You are immune to sickness and miasma.
Your stone body is resilient. (AC +3)
You are immune to poison.
You resist negative energy. (rN+)
You are resistant to electric shocks. (rElec)
You are resistant to unholy torment.
You are immune to petrification.


Message History

The hobgoblin hits you but does no damage.
The goblin hits you with a +0 club.
* * * LOW HITPOINT WARNING * * *
It was a potion of cancellation.
You feel magically purged. The goblin closely misses you.
The goblin barely misses you. The hobgoblin hits you.
* * * LOW HITPOINT WARNING * * *
A worm comes into view.
You hit the goblin.
You kill the goblin!
The goblin hits you but does no damage. The hobgoblin closely misses you.
Robin throws the goblin at you!
Things that are here:
a +0 dagger; a goblin corpse
As you read the scroll labelled RULYSHR MEFOEF, it crumbles to dust.
You feel a surge of unholy energy.
The goblin convulses!
The hobgoblin convulses!
The gnoll convulses!
The hobgoblin convulses!
Robin convulses!
The worm convulses!
It was a scroll of torment.
The goblin hits you but does no damage. x2
As you read the scroll of teleportation, it crumbles to dust.
You feel strangely unstable.
The hobgoblin no longer looks unusually strong.
A gnoll comes into view. It is wielding a +0 spear.
The goblin hits you but does no damage.
Robin roars a battlecry!
The hobgoblin goes into a battle-frenzy!
The goblin hits you but does no damage.
You barely miss the goblin.
The goblin is moderately wounded.
The goblin hits you but does no damage. The goblin barely misses you.
You closely miss the goblin.
The goblin is moderately wounded.
The goblin no longer looks unusually strong.
The goblin hits you but does no damage. x2; The goblin closely misses you.
The goblin barely misses you.
You barely miss the goblin.
The goblin is moderately wounded.
The goblin no longer looks unusually strong.
The goblin hits you with a +0 club.
You die...

###
###################..
....................#
#..............#
.#####..####........#
##.........#
########.#
###...####...# #.#
.....g####..)# #..
#..wggg@g...# ##.
.....gg###.#.# #.
....... #.#.# #.
....... ..#.# #.
.#....# ..##.# #.
#.... #..##.########
## ####.
#............# #
#.........#####.# #
########.#####.# #


You could see a worm, Robin (strong), 2 gnolls, a hobgoblin (strong) and 3
goblins.

Vanquished Creatures
  Natasha (D:2)
  Terence (D:2)
  2 adders (D:2)
  A dart slug (D:1)
  6 ball pythons
  3 bats
  2 endoplasms (D:1)
  A giant cockroach (D:1)
  8 goblins
  A hobgoblin (D:2)
  4 jackals
  2 quokkas (D:2)
  5 frilled lizards
  2 kobolds
  4 rats (D:1)
43 creatures vanquished.

Vanquished Creatures (others)
  4 plants (D:1)
4 creatures vanquished.

Grand Total: 47 creatures vanquished

Notes
Turn   | Place    | Note
-------+----------+-------------------------------------------
     0 | D:1      | Ijustatesigmund the Gargoyle Wanderer began the quest for
                  | the Orb.
     0 | D:1      | Ijustatesigmund set off with the following items: a +0
                  | spear, a +0 scale mail, a scroll of teleportation; and the
                  | following spell memorised: Sting; and the following spells
                  | available to memorise: Ignite Poison, Olgreb's Toxic
                  | Radiance
     0 | D:1      | Reached XP level 1. HP: 12/12 MP: 3/3
   346 | D:1      | Reached skill level 1 in Maces & Flails
   346 | D:1      | Reached XP level 2. HP: 7/17 MP: 5/5
   580 | D:1      | Found a faded altar of an unknown god.
  1039 | D:1      | Reached XP level 3. HP: 14/21 MP: 6/6
  1447 | D:2      | Noticed Terence
  1452 | D:2      | Killed Terence
  1612 | D:2      | Reached XP level 4. HP: 27/27 MP: 5/7
  1855 | D:2      | Noticed Natasha
  1862 | D:2      | Killed Natasha
  1877 | D:2      | Noticed Robin
  2109 | D:2      | Found Melexzimm's Magic Scroll Shop.
  2120 | D:2      | Bought a scroll of teleportation for 39 gold pieces
  2120 | D:2      | Bought a scroll of identify for 26 gold pieces
  2121 | D:2      | Identified a scroll of acquirement
  2121 | D:2      | Acquired 706 gold pieces
  2125 | D:2      | Bought a scroll of magic mapping for 45 gold pieces
  2125 | D:2      | Bought a scroll of identify for 26 gold pieces
  2125 | D:2      | Bought a scroll of identify for 26 gold pieces
  2125 | D:2      | Bought a scroll of magic mapping for 45 gold pieces
  2125 | D:2      | Bought a scroll of identify for 26 gold pieces
  2182 | D:2      | HP: 1/28 [hobgoblin[Robin] (4)]
  2189 | D:2      | Slain by a goblin

Illustrated notes

Levels and vault maps discovered:
D:1:      co_arrival_random_square_maze, layout_rooms,
          ebering_ecumenical_altar_box, serial_bayou, serial_bayou_pond_d,
          serial_bayou_shore_a, serial_bayou_pond_b, serial_bayou_pond_c,
          serial_bayou_pond_e, minmay_stone_trees_small, minmay_hexomino_f4
D:2:      layout_loops_ring, serial_shops, nicolae_square_shop,
          grunt_decor_clamped, kennysheep_generic_room_5, uniq_natasha,
          uniq_robin, uniq_terence

Skill      XL: |  1  2  3  4 |
---------------+-------------+-----
Maces & Flails | 1 2 |  2.7
Fighting       | 2 3 |  3.4
Polearms       | |  1.7
Armour         | |  1.8
Dodging        | |  1.0
Spellcasting   | |  2.0
Poison Magic   | |  3.0

Action                   |  1- 3 |  4- 6 || total
-------------------------+-------+-------++-------
Melee: Mace              |   114 |    75 ||   189
       Punch             |       |     1 ||     1
 Cast: Sting             |     5 |       ||     5
  Use: Scroll            |       |     8 ||     8
       Potion            |       |     2 ||     2
Armor: Scale mail        |   102 |    30 ||   132
       Chain mail        |       |    66 ||    66
Dodge: Dodged            |   112 |    67 ||   179

Table legend: (Time is in decaauts)
 A = Elapsed time spent in this place.
 B = Non-inter-level travel time spent in this place.
 C = Inter-level travel time spent in this place.
 D = Time resting spent in this place.
 E = Time spent auto-exploring this place.
 F = Levels seen in this place.
 G = Mean time per level.
                   A        B        C        D        E       F      G
               +--------+--------+--------+--------+--------+-----+--------+
         Total |   2272 |   2183 |     89 |    559 |   1161 |   2 | 1136.0 |
       Dungeon |   2272 |   2183 |     89 |    559 |   1161 |   2 | 1136.0 |
               +--------+--------+--------+--------+--------+-----+--------+

Top non-repeatable levels by time:
     D:1: 1436 daAuts
     D:2: 835 daAuts
